Cogmind - Beta 15 @@@ ROGUE MODE // 2025.08.06 @ 15:40:34 Player: Jotchua Result: Destroyed by Y-45 Defender with Heavy Assault Rifle Performance ------------- Evolutions (0) 0 Regions Visited (2) 400 Robots Destroyed (4) 20 Value Destroyed (129) 129 Prototype IDs (0) 0 Alien Tech Used (0) 0 Bonus (0) 0 TOTAL SCORE: 549 Bonus ------- None Cogmind --------- Core Integrity 0/250 Matter 258/300 Energy 52/100 System Corruption 0% Temperature Cool (9) Movement Walking (120) Location -10/Mines Parts ------- > --- POWER (1) -------- (None) > --- PROPULSION (2) --- Aluminum Leg Aluminum Leg > --- UTILITY (2) ------ (None) > --- WEAPON (2) ------- (None) > --- INVENTORY (5) ---- (None) Peak State ------------ > --- POWER ------------ Light Ion Engine > --- PROPULSION ------- Aluminum Leg Aluminum Leg > --- UTILITY ---------- Improved Heat Sink Structural Scanner > --- WEAPON ----------- Small Laser Particle Gun > --- INVENTORY -------- Aluminum Leg Aluminum Leg Grenade Launcher Grenade Launcher [Rating: 10] Favorites ----------- Power Light Ion Engine Engine Light Ion Engine Propulsion Aluminum Leg Leg Aluminum Leg Utility Structural Scanner Device Structural Scanner Storage Large Storage Unit Protection Light Armor Plating Weapon Particle Gun Energy Gun Particle Gun Launcher Grenade Launcher Build | -11 -10 -10 ------- Run | Yrd Mat Min Slots Evolved . | . . . Power . | . . . Propulsion . | . . . Utility . | . . . Weapon . | . . . Parts Attached 17 | . 12 5 Power 2 | . 1 1 Engine 2 | . 1 1 Core . | . . . Reactor . | . . . Propulsion 4 | . 2 2 Treads . | . . . Leg 4 | . 2 2 Wheel . | . . . Hover . | . . . Flight . | . . . Utility 5 | . 5 . Device 3 | . 3 . Storage 1 | . 1 . Processor . | . . . Hackware . | . . . Protection 1 | . 1 . Artifact . | . . . Weapon 6 | . 4 2 Energy Gun 4 | . 3 1 Energy Cannon . | . . . Ballistic Gun . | . . . Ballistic Cannon . | . . . Launcher 2 | . 1 1 Special Weapon . | . . . Impact Weapon . | . . . Slashing Weapon . | . . . Piercing Weapon . | . . . Special Melee Weapon . | . . . Unidentified Prototypes . | . . . Parts Lost 10 | . 1 9 Power 1 | . . 1 Propulsion 2 | . . 2 Utility 2 | . . 2 Weapon 5 | . 1 4 Highest Loss Streak 9 | . 1 9 To Critical Strikes . | . . . Average Backups 3 | . 3 3 Power . | . . . Propulsion 1 | . . 1 Utility . | . . . Weapon 1 | . 1 1 Tool/Special . | . . . Unused Backups . | . . . Power . | . . . Propulsion . | . . . Utility . | . . . Weapon . | . . . Tool/Special . | . . . Average Slot Usage (%) 81 | . 60 95 Engine 11 | . 9 12 Leg 23 | . 19 26 Device 22 | . 14 27 Protection 1 | . 3 . Energy Gun 20 | . 12 26 Peak Build Rating 10 | . 10 10 Average Rating 7 | . 5 9 On Entrance 3 | . . 10 Naked Turns 46 | . 46 . Heaviest Build 20 | . 20 10 Greatest Support 20 | 3 20 20 Greatest Overweight (x) 6 | . 6 . Average Overweight (x) . | . . . Largest Inventory Capacity 15 | 5 15 5 Average Capacity 5 | 5 5 5 Most Carried 5 | . 5 4 Average Carried 3 | . 3 3 Final Capacity 5 | 5 5 5 Final Carried 4 | . 4 4 Class Distribution -------------------- 86% | Scavenger-Mutant 13% | Mutant Dominant Class ---------------- Scavenger-Mutant | -10/Materials Scavenger-Mutant | -10/Mines Resources | -11 -10 -10 ----------- Run | Yrd Mat Min Matter Collected 403 | 119 228 56 Remotely 80 | . 80 . Salvage Created 175 | . 54 121 Parts 5 | . 1 4 Haulers Intercepted . | . . . Recyclers Shooed . | . . . Parts Field Recycled . | . . . Retrieved Matter . | . . . Parts Self-Destructed . | . . . Prevented . | . . . Kills | -11 -10 -10 ------- Run | Yrd Mat Min Combat Hostiles Destroyed 3 | . 2 1 Guns 1 | . . 1 AOE 2 | . 2 . Classes Destroyed 2 | . 1 1 Worker 1 | . . 1 Grunt 3 | . 2 1 Best Kill Streak 2 | . 2 1 Combat Bots Only 2 | . 2 1 Max Kills in Single Turn 2 | . 2 1 Gunslinging . | . . . Exploded 2 | . 2 . Melee . | . . . Uniques/NPCs Destroyed . | . . . Combat | -11 -10 -10 -------- Run | Yrd Mat Min Hostile Shots Fired 90 | . 25 65 Missed 32 | . 10 22 Hits 58 | . 15 43 Projectile 58 | . 15 43 Critical Strikes 5 | . 1 4 Damage Taken 938 | . 230 708 Core 251 | . 57 194 Absorbed by Shields . | . . . Core Remaining (%) 100 | 100 . . Volleys Fired 25 | . 10 15 Largest 2 | . 2 2 Hottest 115 | . 70 115 Shots Fired 39 | . 11 28 Gun 31 | . 8 23 Cannon . | . . . Launcher 8 | . 3 5 Special . | . . . Kinetic . | . . . Thermal 31 | . 8 23 Explosive 8 | . 3 5 Electromagnetic . | . . . Robot Hit Streak 11 | . 3 11 Robot Miss Streak 2 | . 2 1 Penetration Max . | . . . Secondary Targets . | . . . Shots Hit Robots 22 | . 4 18 Core Hits 15 | . 4 11 Critical Kills . | . . . Critical Parts Destroyed . | . . . Critical Strikes 1 | . . 1 Burn 1 | . . 1 Melee Attacks . | . . . Impact . | . . . Slashing . | . . . Piercing . | . . . Sneak Attacks . | . . . Combat Hostiles . | . . . Follow-up Attacks . | . . . Damage Inflicted 531 | . 193 338 Guns 246 | . 32 214 Cannons . | . . . Explosions 280 | . 160 120 Melee . | . . . Ramming 5 | . 1 4 Kinetic . | . . . Thermal 246 | . 32 214 Explosive 280 | . 160 120 Electromagnetic . | . . . Impact . | . . . Slashing . | . . . Piercing . | . . . Highest Corruption . | . . . Average Corruption . | . . . Corruption Purged . | . . . Corruption Blocked . | . . . Overload Shots . | . . . Overflow Damage 2 | . 2 . Projectiles . | . . . Explosions 2 | . 2 . Melee . | . . . Knockbacks . | . . . Impact . | . . . Kinetic . | . . . Secondary . | . . . Self-Inflicted Damage 63 | . . 63 Shots 3 | . . 3 Rammed . | . . . Targets Rammed 6 | . 1 5 Kicked 6 | . 1 5 Crushed . | . . . Highest Temperature 109 | . 109 66 Average Temperature 43 | . 70 21 Received Heat Transfer 477 | . 147 330 Siege Activations . | . . . Martial Activations . | . . . Shielding Activations . | . . . Robots Disrupted . | . . . Combat Hostiles . | . . . Robots Corrupted . | . . . Combat Hostiles . | . . . Parts Fried . | . . . Impact Corruptions . | . . . Robots Melted . | . . . Combat Hostiles . | . . . Parts Melted 1 | . . 1 Heat Transferred 681 | . 75 606 Parts Sabotaged . | . . . Parts Stolen . | . . . Parts Stripped . | . . . Power Chain Reactions . | . . . Alert | -11 -10 -10 ------- Run | Yrd Mat Min Maximum Alert Level . | . . . Low Security (%) 100 | 100 100 100 Level 1 . | . . . Level 2 . | . . . Level 3 . | . . . Level 4 . | . . . Level 5 . | . . . High Security . | . . . Max Security . | . . . Peak Influence 63 | . 63 30 Initial 20 | . . 20 Average 4 | . 5 4 Influence Increases 117 | . 63 54 Destroy 0b10 Robot/C 60 | . 40 20 Destroy 0b10 Robot/NC 10 | . . 10 Destroy Leader 20 | . 10 10 Destroy Structure 27 | . 13 14 Influence Decreases 117 | . 10 107 Entered New Map 33 | . . 33 Time Decay 75 | . 10 65 Lost Part 9 | . . 9 Squads Dispatched . | . . . Investigation . | . . . Extermination . | . . . Reinforcement . | . . . Assault . | . . . Garrison . | . . . Intercept . | . . . Searches Triggered . | . . . Construction Impeded . | . . . Haulers Reinforced . | . . . Active Scanning Responses . | . . . Cargo Convoy Interrupts . | . . . Stealth | -11 -10 -10 --------- Run | Yrd Mat Min Distress Signals 1 | . 1 . Communications Jammed . | . . . Distress Signals . | . . . Times Spotted 11 | . 5 6 Peak Tracking Total 5 | . 2 5 Tactical Retreats . | . . . Traps | -11 -10 -10 ------- Run | Yrd Mat Min Traps Triggered . | . . . Indirectly . | . . . Trap Hack Attempts . | . . . Triggered . | . . . Disarmed . | . . . Reprogrammed . | . . . Reused . | . . . Traps Extracted . | . . . Installed . | . . . Triggered . | . . . Machines | -11 -10 -10 ---------- Run | Yrd Mat Min Machines Disabled . | . . . Max in Single Turn . | . . . Machines Repaired . | . . . Machines Dismantled . | . . . Machines Sabotaged . | . . . Overloaded Fab Kills . | . . . Hacking | -11 -10 -10 --------- Run | Yrd Mat Min Machines Accessed 5 | . 5 . Terminals 3 | . 3 . Fabricators . | . . . Repair Stations . | . . . Recycling Units 2 | . 2 . Scanalyzers . | . . . Garrison Access . | . . . Total Hacks 13 | . 13 . Successful 6 | . 6 . Failed 6 | . 6 . Catastrophic 1 | . 1 . Database Lockouts 1 | . 1 . Manual . | . . . Terminals 8 | . 8 . Fabricators . | . . . Repair Stations . | . . . Recycling Units 5 | . 5 . Scanalyzers . | . . . Garrison Access . | . . . Terminal Hacks 4 | . 4 . Record 3 | . 3 . Robot Analysis 1 | . 1 . Fabricator Hacks . | . . . Repair Station Hacks . | . . . Recycling Unit Hacks 2 | . 2 . Report Inventory 1 | . 1 . Retrieve Components 1 | . 1 . Scanalyzer . | . . . Garrison Access Hacks . | . . . Unauthorized Hacks . | . . . Terminals . | . . . Fabricators . | . . . Repair Stations . | . . . Recycling Units . | . . . Scanalyzers . | . . . Garrison Access . | . . . Data Cores Recovered . | . . . Used . | . . . Hacking Detections 3 | . 3 . Full Trace Events 2 | . 2 . Feedback Events . | . . . Feedback Blocked . | . . . Robot Schematics Acquired . | . . . Robots Built . | . . . Authchips . | . . . Time . | . . . Total Robot Build Rating . | . . . Part Schematics Acquired . | . . . Parts Built . | . . . Authchips . | . . . Time . | . . . Total Part Build Rating . | . . . Parts Repaired . | . . . Time . | . . . Parts Recycled . | . . . Recycled Matter . | . . . Retrieved Matter . | . . . Retrieved Components 2 | . 2 . Parts Scanalyzed . | . . . Part Schematics Acquired . | . . . Parts Damaged . | . . . Bothacking | -11 -10 -10 ------------ Run | Yrd Mat Min Used RIF Installer . | . . . Robots Hacked . | . . . Non-combat . | . . . Combat . | . . . Robot Hacks Applied . | . . . Relay Couplers Released . | . . . Fabnet Peak Effective % . | . . . Robots Rewired . | . . . Allies Hacked . | . . . Hacks Repelled . | . . . Allies | -11 -10 -10 -------- Run | Yrd Mat Min Total Allies . | . . . Largest Group . | . . . Highest-Rated Group . | . . . Highest-Rated Ally . | . . . Total Orders . | . . . Ally Attacks . | . . . Total Damage . | . . . Kills . | . . . Allies Corrupted . | . . . Allies Melted . | . . . Intel | -11 -10 -10 ------- Run | Yrd Mat Min Active Infowar (turns) 497 | . 134 363 Structural 497 | . 134 363 Robot Analysis Total 1 | . 1 . Derelict Logs Recovered 1 | . . 1 Drone Launches . | . . . Drone Recoveries . | . . . Exploration | -11 -10 -10 ------------- Run | Yrd Mat Min Turns Passed 621 | 9 249 363 Spaces Moved 487 | 18 217 252 Core 125 | 18 107 . Treads . | . . . Legs 362 | . 110 252 Wheels . | . . . Hover . | . . . Flight . | . . . Fastest Speed 50 | 50 50 120 Average Speed 104 | 50 91 120 Slowest Speed 350 | 50 350 120 Overloaded Moves . | . . . Propulsion Burnouts . | . . . Robots Hopped . | . . . Potential Cave-ins . | . . . Cave-ins Triggered . | . . . Exploration Rate (%) 35 | 3 42 60 Regions Visited 2 Branch Regions 1 Pre-discovered Areas . | . . . Known Exits Taken . | . . . Unknown Exits Taken 2 | 1 1 . Scrap Searched 1 | . . 1 Spaces Dug . | . . . Terrain Destroyed 28 | . 12 16 Melee . | . . . Projectile . | . . . AOE 28 | . 12 16 Terrain Rammed . | . . . Walls Destroyed . | . . . Machines Disabled . | . . . Actions | -11 -10 -10 --------- Run | Yrd Mat Min Total 555 | 17 254 284 Wait 4 | . . 4 Move 485 | 17 216 252 Hop . | . . . Pick Up 4 | . 4 . Fast Attach 13 | . 11 2 Attach 7 | . 3 4 Detach 4 | . 4 . Swap 2 | . 2 . Drop 5 | . 3 2 Fire 25 | . 10 15 Melee . | . . . Ram . | . . . Kick 6 | . 1 5 Crush . | . . . Escape Stasis . | . . . Rewire . | . . . Trap . | . . . Miscellaneous . | . . . Route ------- -11/Scrapyard -10/Materials -10/Mines History --------- Turn | Location | Event 4 | -11/Scrapyard | Discovered new exit (range 13) 10 | -11/Scrapyard | Entered Materials 11 | -10/Materials | Met a group of wandering Federalists 29 | -10/Materials | Central database locked down 76 | -10/Materials | Discovered new exit (range 8) 176 | -10/Materials | Lost 3 allies 259 | -10/Materials | Entered Mines 396 | -10/Mines | Build established: Scavenger-Mutant 605 | -10/Mines | Core integrity fell below 50% 612 | -10/Mines | Core integrity fell below 20% 622 | -10/Mines | Destroyed by Y-45 Defender with Heavy Assault Rifle Last Messages --------------- 00611_ U-05 Engineer lays Concrete. 00613_ Grenade Launcher destroyed. 00613_ U-05 Engineer lays Concrete. 00614_ Critical hit (Burn: +37). 00614_ Imp. Heat Sink destroyed. 00615_ U-05 Engineer lays Concrete. 00617_ Kicked Y-45 Defender. 00618_ U-05 Engineer lays Concrete. 00618_ Kicked Y-45 Defender out of the way. 00618_ U-05 Engineer lays Concrete. 00619_ The unstable cave ceiling collapses. 00619_ U-05 Engineer lays Concrete. 00619_ Kicked Y-45 Defender. 00619_ U-05 Engineer lays Concrete. 00620_ U-05 Engineer builds a Wall. 00620_ U-05 Engineer lays Concrete. 00620_ Kicked Y-45 Defender. 00621_ U-05 Engineer lays Concrete. 00622_ Kicked Y-45 Defender. 00622_ Structural Scanner destroyed. Map ----- +----------------------------------------------------+ | ##### ##????????????###### | | # #### ###???????????????### ### | | # ## ##?????????????????### #### | | # ##?????????????????##### #### | | ###??????????????????#### !##### | | ####?????????????????????## %###### | | #####??#####################!!###### | | ######?##################### ###### | | ######## ### | | # ##### ################## ## | | ## ## #### ################## ## | | ###### ##??????????????## ### | | ###### ## ########??????????????## ##### | | ????## ### #########????????## ? ###### | | ????## ### ###?????########?## #?### | | ###### #### ###??????########### ???## | | ###### ### ####??????##"|!"##### #?## | | # ### #######???????#""!!""#### ## ##?## | | # ## #####?????????? ### ########??# | | # ! ##?????????### ## ########??? | | ## ##?????####### u####??????????? | | ### ###?????###### #####??????????? | | #### ####?????## ##????????????? | | ?#### ####?????### # u ###???????????? | | ??### ############ Y #####?????????? | | ??### ########### @ ### ?????? | | ??## ## Y ????? | | #### # ##????? | | #### =% # ###### ###????? | | # ######## ###????? | | ## ##??####### ##?????? | | ### # ###????###### g ##?????? | | #### ## ###???????#### ## #?????? | | ?#### ## ##?????????######## g ???????? | | ??### * ## ##??????????####### ???????? | | ??### =%! ### ????????????????? ???????? | | ??## = ###### ?????????????????? ##???????? | | ??## ####### ?????????????????? ###???????? | | ??## ####????????????????????????? ##????????? | | ??## ####?????????????????????????? ##????????? | | ??## ###??????????????????????????????????????? | | ??### ###?????????????????????????????????????? | | ??#### ####????????????????????????????????????? | | ???### ####???????????????????????????????????? | | ??####! ###???????????????????????????????????? | | ??### ##???????????????????????????????????? | | ??## ##???????????????????????????????????? | | ??## ##???????????????????????????????????? | | ??## ##???????????????????????????????????? | | ??## ###??????????????????????????????????? | +----------------------------------------------------+ Best States ------------- Heat Dissipation 39 Energy Generation 10 Energy Capacity 125 Matter Stores 300 Matter Capacity 300 Sight Range 16 Terrain Scan Density 10 Armor Coverage 150 Evasion (%) 55 Item Schematics ----------------- None Robot Schematics ------------------ None Fabricated ------------ Nothing Repaired ---------- Nothing Alien Tech Used ----------------- None Achievements -------------- None Challenges ------------ None Game ------ Seed GuidedActiveExtrapolator Manual? 0 Play Time 00:12:08 Cumulative 4.4 hours Start 2025.08.06 @ 15:30:50 End 2025.08.06 @ 15:40:34 Sessions 1 Manual Loads 0 Difficulty Rogue Special Mode None Game No. 7 Rogue 7 Adventurer 0 Explorer 0 Win Type - Total 0 Types 0/0/0/0/0/0/0/0/0/0 Lore% 6 Gallery% 7 Achievement% 7 Wizard Run 0 Options --------- Layout 1 ASCII 0 Keyboard 0 Movement Mouse Keybinds 0 Fullscreen 2 Font 24/Smallcaps Map View 50x35 Zoom Use 0% Tactical HUD 1 Map Filters NONE Filters NONE Steam 0 RUN: b98a4625-8453-4495-9cc8-287d77bdb7cf